 Dungeon Crawl Stone Soup version 0.16.0-17-g811c1d7 (webtiles) character file.

173412 timbw the Convoker (level 17, -2/117 HPs)
             Began as an Octopode Summoner on Mar 22, 2015.
             Was the Champion of Sif Muna.
             Killed from afar by a frost giant (42 damage)
             ... with a bolt of cold
             ... on level 5 of the Vaults.
             The game lasted 02:49:11 (29362 turns).

timbw the Convoker (Octopode Summoner)             Turns: 29362, Time: 02:49:11

Health: -2/117     AC: 17    Str:  8      XL:     17   Next: 42%
Magic:  18/35      EV: 23    Int: 39 (40) God:    Sif Muna [******]
Gold:   922        SH:  8    Dex: 18      Spells: 7 memorised, 3 levels left

rFire  + . .     SeeInvis +     V - +0 dagger (protect)
rCold  . . .     Clarity  +     P - +3 buckler
rNeg   + . .     SustAb   +     (helmet restricted)
rPois  +         Gourm    +     i - amulet of the gourmand
rElec  .         Spirit   .     a - ring of wizardry
rCorr  .         Warding  .     o - +6 ring of intelligence
rMut   .         Stasis   .     f - ring "Plodukh" {Int+7 Dex+5}
MR     +....                    L - ring of sustain abilities
Stlth  +++++.....               Z - ring "Shaus" {rPois rF+ rN+}
                                X - ring of Twilight {Int+4 SInv}
                                n - +5 ring of protection
                                s - +6 ring of protection

@: very slightly contaminated, drained, invisible, somewhat resistant to hostile
enchantments, quite stealthy
A: almost no armour, amphibious, 8 rings, constrict 8, camouflage 1, clarity,
mutation resistance 1, gelatinous body 1
a: Channel Energy, Forget Spell, Renounce Religion
}: 2/15 runes: barnacled, gossamer


You were on level 5 of the Vaults.
You worshipped Sif Muna.
Sif Muna was exalted by your worship.
You were not hungry.

You visited 7 branches of the dungeon, and saw 42 of its levels.
You visited 3 bazaars.

You collected 5472 gold pieces.
You spent 4550 gold pieces at shops.

Inventory:

Hand weapons
 V - a +0 dagger of protection (weapon)
Armour
 P - a +3 buckler (worn)
Jewellery
 a - a ring of wizardry (left tentacle)
 f - the ring "Plodukh" (on tentacle) {Int+7 Dex+5}
   (You bought it in a shop in a bazaar)

   [ring of dexterity]

   It affects your intelligence (+7).
   It affects your dexterity (+5).
 i - an amulet of the gourmand (around mantle)
 n - a +5 ring of protection (on tentacle)
 o - a +6 ring of intelligence (right tentacle)
 s - a +6 ring of protection (on tentacle)
 z - the ring of the Sun {-Tele rElec MR+ MP+9 Str+3}
   (You found it on level 13 of the Dungeon)

   [ring of magical power]

   It affects your strength (+3).
   It insulates you from electricity.
   It affects your resistance to hostile enchantments.
   It affects your magic capacity (+9).
   It prevents most forms of teleportation.
 C - a cursed ring of teleportation
 I - a +5 ring of intelligence
 L - a ring of sustain abilities (on tentacle)
 R - an uncursed ring of ice
 S - an uncursed ring of magical power
 U - a +3 ring of protection
 X - the ring of Twilight (on tentacle) {Int+4 SInv}
   (You bought it in a shop in a bazaar)

   [ring of see invisible]

   It affects your intelligence (+4).
   It enhances your eyesight.
 Z - the ring "Shaus" (on tentacle) {rPois rF+ rN+}
   (You bought it in a shop in a bazaar)

   [ring of poison resistance]

   It protects you from fire.
   It protects you from poison.
   It protects you from negative energy.
Magical devices
 g - a wand of lightning (6)
 j - a wand of heal wounds (4)
 p - a wand of heal wounds (1)
 y - a wand of draining (2)
 J - a wand of fire (0)
 O - a wand of digging (11)
 T - a wand of hasting (1)
 W - a wand of teleportation (2)
Scrolls
 h - 10 scrolls of remove curse
 k - 6 scrolls of recharging
 t - 5 scrolls of enchant armour
 A - 5 scrolls of teleportation
 F - 2 scrolls of identify
 G - 2 scrolls of blinking
 Q - a scroll of enchant weapon
 Y - 5 scrolls of fear
Potions
 d - 8 potions of curing
 e - 5 potions of restore abilities
 l - 3 potions of brilliance
 r - a potion of berserk rage
 w - a potion of flight
 x - 2 potions of resistance
 D - 3 potions of cancellation
 E - a potion of cure mutation
 H - 5 potions of agility
Books
 K - Guuhimof's Tome of the Entourage
   (Sif Muna gifted it to you on level 3 of the Shoals)

   Spells                             Type                      Level
   a - Summon Butterflies             Summoning                    1
   b - Summon Small Mammal            Summoning                    1
   c - Abjuration                     Summoning                    3
   d - Summon Demon                   Summoning                    5
   e - Dragon's Call                  Summoning                    9
 N - a book of the Dragon

   Spells                             Type                      Level
   a - Flight                         Charms/Air                   3
   b - Cause Fear                     Hexes                        4
   c - Bolt of Fire                   Conjuration/Fire             6
   d - Dragon Form                    Transmutation                7
   e - Dragon's Call                  Summoning                    9
Miscellaneous
 q - a fan of gales
 v - a lamp of fire
Comestibles
 b - 4 royal jellies
 c - 9 bread rations
 m - 3 chunks of flesh
 u - 12 meat rations
 M - 2 beef jerkies


   Skills:
 + Level 11.4(11.3) Fighting
 + Level 13.8(13.7) Dodging
 - Level 7.0 Stealth
 - Level 2.0(1.9) Shields
 + Level 11.3(11.2) Spellcasting
 * Level 19.4(19.3) Summonings
 - Level 8.9(8.8) Invocations


You had 3 spell levels left.
You knew the following spells:

 Your Spells              Type           Power        Failure   Level  Hunger
a - Dragon's Call         Summ           ########..   30%         9    #######
b - Flight                Chrm/Air       ###.......   4%          3    None
c - Call Canine Familiar  Summ           ########     0%          3    None
f - Monstrous Menagerie   Summ           ########..   1%          6    ###....
g - Summon Horrible Thin  Summ           ########..   2%          8    ######.
h - Abjuration            Summ           ########..   0%          3    None
i - Recall                Summ/Tloc      N/A          1%          3    None


Dungeon Overview and Level Annotations

Branches:
Dungeon (14/15)            Temple (1/1) D:6            Lair (8/8) D:8
 Shoals (5/5) Lair:5       Spider (5/5) Lair:4        Slime (0/6) Lair:7
    Orc (4/4) D:10            Elf (0/3) Orc:4        Vaults (5/5) D:13
  Crypt (0/3) Vaults:3

Altars:
Ashenzari
Cheibriados
Dithmenos
Elyvilon
Fedhas
Gozag
Kikubaaqudgha
Makhleb
Nemelex Xobeh
Okawaru
Qazlal
Ru
Sif Muna
Trog
Vehumet
Xom
Yredelemnul
Zin
The Shining One
Beogh

Shops:
D:5 *   Orc:3 }   Orc:4 (![[(

Portals:
Trove: D:10 (give wand of heal wounds (9))

Annotations:
D:8 Prince Ribbit
Lair:7 xsansara's ghost, powerful MiBe
Shoals:2 exclusion: oklob plant


Innate Abilities, Weirdness & Mutations

You cannot wear most types of armour.
You are amphibious.
You can wear up to eight rings at the same time.
You can use your tentacles to constrict many enemies at once.
Your skin changes colour to match your surroundings (Stealth).
Your rubbery body absorbs attacks (AC +1).
You possess an exceptional clarity of mind.
You are somewhat resistant to further mutation.


Message History

The frost giant gestures at you while chanting.
The bolt of cold hits you!
The bolt of cold hits the human zombie.
The human zombie resists.
The human zombie is destroyed!
The brown very ugly thing claws your large abomination.
Your large abomination is splashed with acid.
The human zombie barely misses your large abomination.
The human zombie hits your tentacled monstrosity with a war axe.
The human zombie hits your lindwurm but does no damage.
Your large abomination hits the human zombie!!
The human zombie is destroyed!
Your large abomination hits the frost giant!
The human zombie barely misses your large abomination.
Your lindwurm bites the necromancer!
The necromancer dies!
The deep elf knight gestures wildly while chanting.
The deep elf knight flickers and vanishes for a moment.
The frost giant points at you and mumbles some strange words.
The bolt of cold hits you!
You die...

.# .#... .#.... .#.....
p#.... .....
ppp#####################
.pp..p..Q....)).ZCZ......
pp.p.p......e))X@Xu......
....p........Z)k.........
..p...........)X........
.p.####################.
...# .#.. .#... .#...
.#....


You could see a frost giant, a brown very ugly thing (wandering), a tengu
reaver, a deep elf knight (invisible), an ettin zombie, a human zombie, a human
zombie, a friendly tentacled monstrosity, a friendly lindwurm and 2 friendly
large abominations.

Vanquished Creatures
  An orc warlord (Orc:4)
  An orc high priest (Orc:4)
  An orc sorcerer (Orc:4)
  A wolf spider (Spider:3)
  A siren (Lair:5)
  A demonic crawler (Spider:3)
  2 polar bears (Lair:8)
  2 yaks
  6 orc warriors (Orc:4)
  2 ice beasts (Orc:4)
  An ogre (D:6)
  A giant frog (D:6)
  2 crimson imps
  A giant frog zombie (D:8)
  A hound (D:6)
  3 orc wizards
  3 iguanas (Lair:1)
  A worker ant (D:6)
  A gnoll (D:2)
  3 adders
  2 shadow imps
  An adder skeleton (D:5)
  17 orcs
  6 bats
  A bat skeleton (D:4)
  3 giant cockroaches
  5 goblins
  5 hobgoblins
  6 jackals
  7 kobolds
  4 quokkas
  2 giant newts
  8 rats
  5 ballistomycetes (D:10)
  2 fungi
  A plant (Lair:8)
110 creatures vanquished.

Vanquished Creatures (collateral kills)
  A lich (Vaults:4)
  A sphinx (Vaults:2)
  A tengu reaver (Vaults:4)
  Ilsuiw (Shoals:5)
  A fire giant (Vaults:3)
  12 vault wardens
  2 frost giants
  3 ghost moths
  5 emperor scorpions
  5 ironheart preservers
  A stone giant (Vaults:3)
  A deep elf annihilator (Vaults:1)
  4 merfolk javelineers (Shoals:5)
  An ettin (Vaults:5)
  5 merfolk impalers
  8 yaktaur captains
  2 great orbs of eyes
  23 vault guards
  2 fire dragons
  Fannar (Lair:2)
  An ice dragon (Vaults:1)
  4 hydras
  5 merfolk aquamancers
  A merfolk avatar (Shoals:2)
  5 centaur warriors
  A satyr (Shoals:5)
  The ghost of kae the Martial Artist, a powerful DrTm of Sif Muna (Lair:2)
  Erica (Lair:4)
  An alligator snapping turtle (Shoals:5)
  3 ogre magi
  9 death yaks (Lair:8)
  A deep troll earth mage (Vaults:2)
  An orc high priest (Orc:4)
  Nergalle (Orc:2)
  4 deep elf knights (Vaults:1)
  5 skeletal warriors (Vaults:2)
  2 fire crabs
  5 hell knights (Vaults:3)
  6 sea snakes
  A shadow wraith (D:13)
  A wizard (Vaults:3)
  8 deep trolls
  Erolcha (Orc:3)
  5 hill giants
  16 ironbrand convokers
  2 giant orange brains (Vaults:4)
  9 orc knights
  5 unseen horrors
  19 harpies
  12 orb spiders
  2 necromancers
  A wolf spider zombie (D:13)
  An orc sorcerer (Orc:4)
  A deep elf conjurer (Vaults:4)
  21 ugly things
  A lindwurm (Lair:4)
  7 hornets
  34 wolf spiders
  A hornet (shapeshifter) (Vaults:1)
  A tengu skeleton (Vaults:5)
  3 manticores
  A black mamba (Lair:5)
  9 elephants
  A black mamba (shapeshifter) (Vaults:3)
  6 griffons
  A moth of wrath (Spider:5)
  2 water nymphs (Shoals:5)
  4 cyclopes
  2 centaur zombies
  12 vault sentinels
  2 gargoyles
  4 torpor snails
  6 sirens
  A storm dragon simulacrum (Vaults:3)
  7 spiny frogs
  A centaur skeleton (D:12)
  A yaktaur (shapeshifter) (Vaults:4)
  A queen ant (Spider:2)
  24 yaktaurs
  A fire drake (Lair:5)
  A kobold demonologist (Vaults:1)
  5 komodo dragons
  The ghost of timbw the Caller, an experienced OpSu (D:7)
  16 demonic crawlers
  A yaktaur skeleton (Vaults:4)
  2 spriggan druids (Lair:8)
  2 freezing wraiths
  A queen bee (shapeshifter) (Vaults:4)
  An elf (shapeshifter) (D:13)
  7 polar bears
  6 human zombies (Vaults:5)
  A deep elf priest (Vaults:4)
  A queen bee (D:14)
  A wind drake (Shoals:2)
  The ghost of Sorcv the Covert, an experienced KoEn of Ashenzari (D:6)
  23 jumping spiders
  19 merfolk
  4 snapping turtles
  7 trolls
  A baby alligator (shapeshifter) (Vaults:1)
  8 two-headed ogres
  A stone giant simulacrum (Vaults:4)
  14 slime creatures
  6 blink frogs
  33 yaks
  3 boulder beetles
  3 basilisks
  12 trapdoor spiders
  42 redbacks
  10 tarantellas
  2 deep elf magi
  A spriggan (shapeshifter) (Vaults:4)
  A wraith (Vaults:2)
  12 spriggans (Lair:8)
  A wyvern (shapeshifter) (Vaults:1)
  9 hippogriffs
  5 deep elf fighters
  Grum (Orc:3)
  8 water elementals
  5 wyverns
  15 vampire mosquitoes
  A deep troll zombie (Vaults:4)
  43 wolves
  18 soldier ants (Spider:2)
  9 wargs
  12 water moccasins
  A swamp drake (shapeshifter) (D:14)
  37 orc warriors
  8 porcupines
  7 black bears
  An eye of draining (shapeshifter) (Vaults:3)
  3 ice beasts
  An elf zombie (Vaults:5)
  A phantom (D:6)
  7 wasps
  18 ogres
  4 centaurs
  8 spiders
  An elf skeleton (Vaults:4)
  13 crocodiles
  A gnoll sergeant (D:12)
  A brain worm (D:13)
  4 giant frogs
  4 scorpions
  29 killer bees
  5 wights (D:12)
  3 crimson imps
  4 quasits
  2 goliath beetles (D:9)
  2 jellies
  17 orc priests
  11 hounds
  A giant frog zombie (D:9)
  7 iguanas
  29 orc wizards
  38 worker ants
  Natasha (D:3)
  22 sheep
  A killer bee zombie (D:5)
  12 gnolls
  16 adders
  2 shadow imps
  A giant mite (D:7)
  32 river rats
  5 worms
  An adder skeleton (D:4)
  2 giant geckos
  2 oozes
  157 orcs
  4 bats
  14 goblins
  11 hobgoblins
  9 jackals
  A giant gecko skeleton (D:9)
  3 kobolds
  An orc zombie (Orc:4)
  6 quokkas
  7 rats
  A rat zombie (D:7)
  A spectral orc (Orc:2)
  A crawling corpse (Vaults:4)
  3 fungi
  8 plants
1343 creatures vanquished.

Vanquished Creatures (others)
  6 sphinxes
  9 tentacled monstrosities
  An ironheart preserver (Vaults:4)
  9 lindwurms
  26 harpies
  13 manticores
  An ironbrand convoker (Vaults:4)
  An orb spider (Spider:5)
  166 large abominations
  A wolf spider (Vaults:4)
  A vault sentinel (Vaults:4)
  A human zombie (Vaults:5)
  38 wargs
  16 wolves
  156 ice beasts
  A spider (Spider:1)
  An ogre (Vaults:4)
  A killer bee (Spider:3)
  3 crimson imps
  11 hounds
  An orc wizard (Vaults:4)
  23 lightning spires
  3 white imps
  A bat (D:2)
  A giant spore (D:10)
  7 quokkas
  A rat (D:1)
  2 bushes (Lair:8)
  4 fungi
  10 plants
515 creatures vanquished.

Grand Total: 1968 creatures vanquished

Notes
Turn   | Place    | Note
--------------------------------------------------------------
     0 | D:1      | timbw, the Octopode Summoner, began the quest for the Orb.
     0 | D:1      | Reached XP level 1. HP: 11/11 MP: 3/3
   316 | D:1      | Reached XP level 2. HP: 7/17 MP: 0/4
   325 | D:1      | Learned a level 2 spell: Call Imp
   416 | D:2      | Reached XP level 3. HP: 14/21 MP: 0/6
   421 | D:2      | Learned a level 3 spell: Call Canine Familiar
   714 | D:2      | Reached skill level 5 in Summonings
   855 | D:2      | Reached XP level 4. HP: 16/27 MP: 0/8
   911 | D:3      | Noticed Natasha
   916 | D:3      | Killed Natasha
  1135 | D:4      | Reached XP level 5. HP: 20/31 MP: 1/10
  1139 | D:4      | Noticed an ogre
  1148 | D:4      | Killed an ogre
  1156 | D:4      | Learned a level 4 spell: Summon Lightning Spire
  1296 | D:4      | Reached skill level 6 in Summonings
  1442 | D:4      | Found a radiant altar of Vehumet.
  1548 | D:4      | Noticed an ogre
  1561 | D:4      | Killed an ogre
  1561 | D:4      | Reached XP level 6. HP: 31/36 MP: 2/13
  1676 | D:5      | Entered Level 5 of the Dungeon
  1742 | D:5      | Found Piokkim's Assorted Antiques.
  1764 | D:5      | Bought a scroll labeled JENEKO THRETZ for 19 gold pieces
  2192 | D:5      | Found a sacrificial altar of Ru.
  2242 | D:5      | Found an opulent altar of Gozag.
  2316 | D:6      | Reached skill level 7 in Summonings
  2398 | D:6      | Found an ancient bone altar of Kikubaaqudgha.
  2419 | D:6      | Reached XP level 7. HP: 18/41 MP: 0/17
  2425 | D:6      | Found a basalt altar of Yredelemnul.
  2426 | D:6      | Found a burning altar of Makhleb.
  2428 | D:6      | Found a sparkling altar of Nemelex Xobeh.
  2429 | D:6      | Found a shattered altar of Ashenzari.
  2430 | D:6      | Found an iron altar of Okawaru.
  2431 | D:6      | Found a shadowy altar of Dithmenos.
  2579 | D:6      | Noticed Sorcv's ghost (experienced KoEn)
  2620 | D:6      | Killed Sorcv's ghost
  2682 | D:6      | Learned a level 4 spell: Summon Ice Beast
  2969 | D:6      | Found a stormy altar of Qazlal.
  3034 | D:6      | Found a staircase to the Ecumenical Temple.
  3041 | Temple   | Entered the Ecumenical Temple
  3097 | D:6      | Reached skill level 8 in Summonings
  3240 | D:7      | Noticed timbw's ghost (experienced OpSu)
  3252 | D:7      | Killed timbw's ghost
  3252 | D:7      | Reached XP level 8. HP: 42/46 MP: 3/18
  3260 | D:7      | Found a glowing silver altar of Zin.
  3483 | D:6      | Found a deep blue altar of Sif Muna.
  3492 | D:6      | Became a worshipper of Sif Muna the Loreminder
  3930 | D:8      | Reached skill level 5 in Stealth
  4084 | D:8      | Noticed Prince Ribbit
  4676 | D:9      | Found a blossoming altar of Fedhas.
  4774 | D:9      | Reached skill level 9 in Summonings
  4882 | D:10     | Entered Level 10 of the Dungeon
  4882 | D:10     | Noticed a centaur zombie
  4892 | D:10     | Killed a centaur zombie
  5181 | D:10     | Reached XP level 9. HP: 28/51 MP: 10/20
  5260 | D:10     | Found a portal to a secret trove of treasure.
  5279 | D:10     | Noticed a hill giant
  5307 | D:10     | Acquired Sif Muna's first power
  5333 | D:10     | Killed a hill giant
  5333 | D:10     | Reached skill level 1 in Invocations
  5379 | D:10     | Found a roughly hewn altar of Beogh.
  5429 | D:10     | Found a staircase to the Orcish Mines.
  5523 | D:10     | Reached skill level 5 in Dodging
  5523 | D:10     | Reached skill level 10 in Summonings
  5635 | D:11     | Reached skill level 1 in Fighting
  5727 | D:11     | Noticed a red ugly thing
  5729 | D:11     | Noticed a brown ugly thing
  5755 | D:11     | Killed a red ugly thing
  5767 | D:11     | Killed a brown ugly thing
  5870 | D:11     | Noticed a gargoyle
  5887 | D:11     | Noticed a white ugly thing
  5904 | D:11     | Killed a white ugly thing
  6005 | D:11     | Reached XP level 10. HP: 39/61 MP: 17/21
  6018 | D:11     | Noticed a hill giant
  6030 | D:11     | Killed a hill giant
  6175 | D:11     | Killed a gargoyle
  6292 | D:11     | Killed an unseen horror
  6292 | D:11     | Acquired Sif Muna's second power
  6292 | D:11     | Reached skill level 11 in Summonings
  6435 | D:10     | Found a radiant altar of Vehumet.
  6542 | D:8      | Found a staircase to the Lair.
  6905 | Lair:1   | Entered Level 1 of the Lair of Beasts
  7745 | Lair:4   | Reached skill level 5 in Invocations
  7929 | Lair:4   | Noticed Erica
  7946 | Lair:4   | Killed Erica
  7979 | Lair:4   | Noticed a lindwurm
  7990 | Lair:4   | Killed a lindwurm
  8006 | Lair:4   | Reached skill level 5 in Fighting
  8110 | Lair:4   | Reached XP level 11. HP: 71/71 MP: 13/22
  8236 | Lair:5   | Noticed a four-headed hydra
  8245 | Lair:5   | Killed a four-headed hydra
  8245 | Lair:5   | Reached skill level 12 in Summonings
  8755 | Lair:5   | Found a staircase to the Shoals.
  9760 | Lair:7   | Noticed an eight-headed hydra
  9876 | Lair:8   | Entered Level 8 of the Lair of Beasts
 10014 | Lair:8   | Reached skill level 13 in Summonings
 10023 | Lair:8   | Noticed a death yak
 10023 | Lair:8   | Noticed a death yak
 10024 | Lair:8   | Noticed a death yak
 10024 | Lair:8   | Noticed a death yak
 10024 | Lair:8   | Noticed a death yak
 10025 | Lair:8   | Noticed a death yak
 10029 | Lair:8   | Noticed a death yak
 10086 | Lair:7   | Noticed xsansara's ghost (powerful MiBe)
 10099 | Lair:7   | Killed an eight-headed hydra
 10230 | Lair:7   | Found a staircase to the Slime Pits.
 10397 | Lair:8   | Killed a death yak
 10397 | Lair:8   | Reached skill level 5 in Spellcasting
 10397 | Lair:8   | Reached XP level 12. HP: 71/78 MP: 12/24
 10562 | Lair:8   | Noticed a lindwurm
 10562 | Lair:8   | Noticed a fire crab
 10569 | Lair:8   | Noticed a death yak
 10575 | Lair:8   | Noticed a death yak
 10930 | Lair:8   | Killed a death yak
 10930 | Lair:8   | Acquired Sif Muna's third power
 11361 | D:10     | Learned a level 4 spell: Summon Guardian Golem
 11385 | D:10     | Killed an unseen horror
 11556 | Orc:1    | Entered Level 1 of the Orcish Mines
 11800 | Orc:2    | Noticed Nergalle
 11829 | Orc:2    | Noticed a spectral orc warlord
 12307 | Orc:3    | Found a roughly hewn altar of Beogh.
 12308 | Orc:3    | Noticed Erolcha
 12324 | Orc:3    | Killed Erolcha
 12421 | Orc:3    | Found Fruraje's Gadget Emporium.
 12475 | Orc:3    | Gained mutation: You are somewhat resistant to further mutation. [potion of beneficial mutation]
 12689 | Orc:3    | Noticed Grum
 12701 | Orc:3    | Killed Grum
 12906 | Orc:4    | Entered Level 4 of the Orcish Mines
 13174 | Orc:4    | Found a staircase to the Elven Halls.
 13199 | Orc:4    | Found a roughly hewn altar of Beogh.
 13262 | Orc:4    | Found a roughly hewn altar of Beogh.
 13262 | Orc:4    | Found Ytustit's Armour Shop.
 13505 | Orc:4    | Found a roughly hewn altar of Beogh.
 13631 | Orc:4    | Found Mizouthri's Antique Weapon Shoppe.
 13655 | Orc:4    | Bought a shimmering whip for 150 gold pieces
 13655 | Orc:4    | Identified the +11 whip "Jellyslayer" {slash, Str+2 SInv} (You bought it in a shop on level 4 of the Orcish Mines)
 13818 | Orc:4    | Found a roughly hewn altar of Beogh.
 13847 | Orc:4    | Found Tacvicol's Distillery.
 14012 | Orc:4    | Noticed an orc high priest
 14012 | Orc:4    | Noticed an orc warlord
 14017 | Orc:4    | Noticed an orc high priest
 14027 | Orc:4    | Reached skill level 14 in Summonings
 14027 | Orc:4    | Killed an orc warlord
 14042 | Orc:4    | Killed an orc high priest
 14154 | Orc:4    | Killed an orc high priest
 14228 | Orc:4    | Found Tiloexinn's Antique Armour Shoppe.
 14228 | Orc:4    | Found a roughly hewn altar of Beogh.
 14232 | Orc:4    | Found Veumaobb's Antique Weapon Emporium.
 14426 | Orc:2    | Killed Nergalle
 15120 | D:12     | Reached XP level 13. HP: 83/83 MP: 13/27
 15687 | D:13     | Found a flickering gateway to a bazaar.
 15698 | Bazaar   | Entered a bazaar
 15699 | Bazaar   | Found Siraidouv's General Store.
 15701 | Bazaar   | Found Miang's Jewellery Shop.
 15732 | Bazaar   | Found Fruoh's Gadget Shoppe.
 15754 | Bazaar   | Found Uzutt's Jewellery Boutique.
 15779 | Bazaar   | Bought a +3 ring of protection for 378 gold pieces
 15779 | Bazaar   | Bought the ring "Shaus" {rPois rF+ rN+} for 687 gold pieces
 15815 | Bazaar   | Bought a +5 ring of protection for 770 gold pieces
 15815 | Bazaar   | Bought a +3 ring of intelligence for 219 gold pieces
 15815 | Bazaar   | Bought a cursed ring of teleportation for 203 gold pieces
 15941 | D:13     | Noticed a vault guard
 15981 | D:13     | Killed a vault guard
 15993 | D:13     | Found a gate to the Vaults.
 16423 | D:13     | Got a warped tin ring
 16424 | D:13     | Identified the ring of the Sun {-Tele rElec MR+ MP+9 Str+3} (You found it on level 13 of the Dungeon)
 16439 | D:13     | Noticed a frost giant
 16915 | D:14     | Reached skill level 10 in Dodging
 17139 | D:14     | Reached skill level 15 in Summonings
 17163 | D:14     | Received a gift from Sif Muna
 17165 | D:14     | Identified Wagucuff's Tome of the Escort (Sif Muna gifted it to you on level 14 of the Dungeon)
 17173 | D:14     | Learned a level 6 spell: Monstrous Menagerie
 17729 | Lair:2   | Noticed Fannar
 17833 | Lair:2   | Killed Fannar
 17881 | Lair:2   | Noticed kae's ghost (powerful DrTm)
 17892 | Lair:2   | Killed kae's ghost
 17929 | Lair:2   | Noticed a six-headed hydra
 17944 | Lair:2   | Killed a six-headed hydra
 18088 | Lair:4   | Found a hole to the Spider Nest.
 18088 | Lair:4   | Noticed a wolf spider
 18094 | Lair:4   | Killed a wolf spider
 18202 | Lair:8   | Killed a death yak
 18207 | Lair:8   | Killed a death yak
 18207 | Lair:8   | Killed a death yak
 18209 | Lair:8   | Killed a death yak
 18213 | Lair:8   | Killed a death yak
 18215 | Lair:8   | Killed a death yak
 18217 | Lair:8   | Killed a death yak
 18313 | Lair:8   | Noticed a spriggan rider
 18317 | Lair:8   | Killed a wasp
 18317 | Lair:8   | Killed a spriggan
 18321 | Lair:8   | Reached skill level 1 in Shields
 18440 | Lair:8   | Noticed a spriggan rider
 18450 | Lair:8   | Killed a spriggan
 18452 | Lair:8   | Killed a wasp
 18585 | Lair:8   | Killed a fire crab
 18641 | Lair:8   | Noticed a five-headed hydra
 18643 | Lair:8   | Killed a five-headed hydra
 18894 | Lair:5   | Reached XP level 14. HP: 90/90 MP: 25/29
 18917 | Shoals:1 | Entered Level 1 of the Shoals
 19434 | Shoals:1 | Reached skill level 16 in Summonings
 19494 | Shoals:2 | Found a flickering gateway to a bazaar.
 19513 | Bazaar   | Entered a bazaar
 19538 | Bazaar   | Found Osogagol's Food Boutique.
 19564 | Bazaar   | Found Gala's Antique Weapon Emporium.
 19591 | Bazaar   | Found Xutaar's Jewellery Boutique.
 19629 | Bazaar   | Found Tema's Book Emporium.
 19664 | Bazaar   | Found Blin's General Store.
 19683 | Bazaar   | Bought an uncursed ring of sustain abilities for 227 gold pieces
 19683 | Bazaar   | Bought the ring of Twilight {Int+4 SInv} for 395 gold pieces
 19697 | Bazaar   | Learned a level 8 spell: Summon Horrible Things
 20020 | Shoals:3 | Received a gift from Sif Muna
 20027 | Shoals:3 | Identified Guuhimof's Tome of the Entourage (Sif Muna gifted it to you on level 3 of the Shoals)
 20102 | Shoals:5 | Entered Level 5 of the Shoals
 20193 | Shoals:5 | Noticed Ilsuiw
 20206 | Shoals:5 | Killed Ilsuiw
 20552 | Shoals:5 | Got a barnacled rune of Zot
 20728 | Spider:1 | Entered Level 1 of the Spider Nest
 21499 | Spider:2 | Reached XP level 15. HP: 90/100 MP: 25/32
 21632 | Spider:3 | Reached skill level 17 in Summonings
 22231 | Spider:4 | Received a gift from Sif Muna
 22232 | Spider:4 | Identified Sif Muna's Early Guide to Sorcery (Sif Muna gifted it to you on level 4 of the Spider Nest)
 22462 | Spider:5 | Entered Level 5 of the Spider Nest
 22966 | Spider:5 | Gained mutation: You possess an exceptional clarity of mind. [potion of beneficial mutation]
 23317 | Spider:5 | Got a gossamer rune of Zot
 23872 | D:10     | Noticed an unseen horror
 23879 | D:10     | Killed an unseen horror
 23955 | Orc:3    | Bought a wand of heal wounds (2) for 504 gold pieces
 23959 | Orc:3    | Learned a level 3 spell: Abjuration
 24123 | Vaults:1 | Entered Level 1 of the Vaults
 24424 | Vaults:1 | Reached skill level 10 in Spellcasting
 24952 | Vaults:1 | Reached skill level 18 in Summonings
 24952 | Vaults:1 | Reached XP level 16. HP: 109/109 MP: 17/33
 25037 | Vaults:1 | Reached skill level 10 in Fighting
 25120 | Vaults:1 | Noticed a frost giant
 25135 | Vaults:1 | Killed a frost giant
 25492 | Vaults:2 | Received a gift from Sif Muna
 25494 | Vaults:2 | Identified Sif Muna's Disquisition on Calling (Sif Muna gifted it to you on level 2 of the Vaults)
 25510 | Vaults:2 | Learned a level 3 spell: Recall
 26115 | Vaults:3 | Learned a level 9 spell: Dragon's Call
 26119 | Vaults:3 | Learned a level 3 spell: Flight
 27199 | Vaults:2 | Noticed a sphinx
 27203 | Vaults:2 | Killed a sphinx
 27706 | Vaults:3 | Found a staircase to the Crypt.
 27706 | Vaults:3 | Found an ancient bone altar of Kikubaaqudgha.
 27707 | Vaults:3 | Found a basalt altar of Yredelemnul.
 28298 | Vaults:4 | Noticed a lich
 28323 | Vaults:4 | Reached XP level 17. HP: 74/117 MP: 11/35
 28332 | Vaults:4 | Killed a lich
 28407 | Vaults:4 | Reached skill level 19 in Summonings
 28514 | Vaults:4 | Found a flickering gateway to a bazaar.
 28523 | Bazaar   | Entered a bazaar
 28525 | Bazaar   | Found Wuihuk's General Store.
 28528 | Bazaar   | Found Ontix's Jewellery Boutique.
 28529 | Bazaar   | Found Tianuamu's Gadget Boutique.
 28529 | Bazaar   | Found Weras' Food Boutique.
 28551 | Bazaar   | Bought the ring "Plodukh" {Int+7 Dex+5} for 566 gold pieces
 28561 | Bazaar   | Bought a wand of heal wounds (4) for 432 gold pieces
 28686 | Vaults:4 | Received a gift from Sif Muna
 29258 | Vaults:5 | Entered Level 5 of the Vaults
 29362 | Vaults:5 | Killed from afar by a frost giant

Action                   |  1- 3 |  4- 6 |  7- 9 | 10-12 | 13-15 | 16-18 || total
-------------------------+-------+-------+-------+-------+-------+-------++-------
Melee: Whip              |    23 |    45 |    74 |     4 |       |       ||   146
       Unarmed           |     3 |       |       |       |       |       ||     3
       Staff             |       |       |       |   111 |       |       ||   111
       Dagger            |       |       |       |    10 |    78 |    18 ||   106
 Cast: Summon Small Mamm |    15 |     8 |       |     3 |       |       ||    26
       Call Imp          |    12 |    21 |     8 |     5 |       |       ||    46
       Call Canine Famil |     3 |    17 |    41 |    97 |    23 |       ||   181
       Summon Lightning  |       |     3 |    16 |    38 |     8 |       ||    65
       Summon Ice Beast  |       |       |    50 |   377 |    89 |       ||   516
       Monstrous Menager |       |       |       |       |   145 |    37 ||   182
       Summon Horrible T |       |       |       |       |    80 |    73 ||   153
       Recall            |       |       |       |       |       |     3 ||     3
Invok: Channel Energy    |       |       |    57 |   386 |   226 |   110 ||   779
       Forget Spell      |       |       |       |       |     1 |     4 ||     5
Evoke: Wand              |       |       |     1 |     5 |     2 |    12 ||    20
  Use: Scroll            |       |    16 |     6 |    13 |    15 |     9 ||    59
       Potion            |       |       |       |     4 |     9 |     3 ||    16
 Stab: Sleeping          |     1 |     4 |     4 |     5 |     7 |       ||    21
       Distracted        |       |       |     1 |     3 |     3 |       ||     7
  Eat: Chunk             |     1 |    19 |    25 |   123 |   156 |    58 ||   382
       Beef jerky        |       |       |     1 |     1 |     1 |       ||     3
       Pizza             |       |       |       |     2 |       |       ||     2
       Meat ration       |       |       |       |     1 |       |       ||     1
       Bread ration      |       |       |       |     1 |       |     1 ||     2
       Royal jelly       |       |       |       |       |     1 |     4 ||     5
